 Dungeon Crawl Stone Soup version 0.31-a0-43-g46d131a48f (webtiles) character file.

Game seed: 3305513393083483189

3227 dracfodder the Geomancer (level 9, -11/47 HPs)
             Began as a Gargoyle Earth Elementalist on May 19, 2023.
             Was a Follower of Sif Muna.
             Killed from afar by an acid dragon (31 damage)
             ... with a splash of acid
             ... on level 7 of the Dungeon.
             The game lasted 00:36:59 (7079 turns).

dracfodder the Geomancer (GrEE)                     Turns: 7079, Time: 00:37:00

Health: -11/47     AC: 13    Str: 13    XL:     9   Next: 98%
Magic:  7/21       EV: 12    Int: 19    God:    Sif Muna [*.....]
Gold:   29         SH:  0    Dex: 10    Spells: 8/24 levels left

rFire   . . .        e - +5 hand axe (heavy)
rCold   . . .        (no shield)
rNeg    + . .        a - +0 robe
rPois   ∞            i - +0 helmet
rElec   +            s - +2 cloak
rCorr   .            j - +0 pair of gloves
SInv    .            (no boots)
Will    .....        (no amulet)
Stlth   ++           (no ring)
HPRegen 0.27/turn    (no ring)
MPRegen 0.17/turn

%: no passive effects
@: no status effects
A: sickness immunity, AC +6, negative energy resistance 1, electricity
resistance, torment resistance 1, petrification resistance
a: Renounce Religion, Channel Magic


You were on level 7 of the Dungeon.
You worshipped Sif Muna.
Sif Muna was aware of your devotion.
You visited 2 branches of the dungeon, and saw 8 of its levels.

You collected 337 gold pieces.
You spent 308 gold pieces at shops.

Inventory:

Hand Weapons
 d - a +5 battleaxe
 e - a +5 heavy hand axe (weapon)
 p - a +2 shortbow of freezing
 r - a +0 hand axe of flaming
Missiles
 n - a throwing net
Armour
 a - a +0 robe (worn)
 i - a +0 helmet (worn)
 j - a +0 pair of gloves (worn)
 s - a +2 cloak (worn)
Scrolls
 c - 2 scrolls of fog
 f - 4 scrolls of teleportation
 u - a scroll of magic mapping
 v - a scroll of fear
Potions
 g - 2 potions of heal wounds
 h - 2 potions of resistance
 k - 3 potions of ambrosia
 l - 8 potions of curing
 m - a potion of invisibility
 o - 2 potions of might
 q - a potion of mutation {unknown}


   Skills:
 + Level 1.2 Fighting
 + Level 1.2 Axes
 + Level 2.2 Dodging
 + Level 3.2 Stealth
 + Level 8.1 Spellcasting
 + Level 6.9 Conjurations
 + Level 0.7 Transmutations
 + Level 6.3 Fire Magic
 + Level 10.6 Earth Magic


You had 8 spell levels left.
You knew the following spells:

 Your Spells              Type           Power      Damage    Failure   Level
a - Sandblast             Erth           96%        2d20      1%          1
b - Foxfire               Conj/Fire      100%       2x1d9     1%          1
c - Stone Arrow           Conj/Erth      82%        3d12      1%          3
d - Scorch                Fire           62%        2d7       1%          2
e - Flame Wave            Conj/Fire      33%        2d10      6%          4
f - Fireball              Conj/Fire      16%        3d8       16%         5

Your spell library contained the following spells:

 Spells                   Type           Power      Damage    Failure   Level
 Passwall                 Tmut/Erth      24%        N/A       1%          2
 Dazzling Flash           Conj/Hex       40%        N/A       6%          3
 Beastly Appendage        Tmut           20%        N/A       7%          1
 Volatile Blastmotes      Fire/Tloc      38%        2d13      8%          3
 Petrify                  Tmut/Erth      29%        N/A       9%          4
 Wereblood                Tmut           10%        N/A       10%         2
 Lesser Beckoning         Tloc           14%        N/A       14%         2
 Iskenderun's Mystic Bla  Conj/Tloc      20%        2d6       22%         4
 Spider Form              Tmut/Pois      9%         N/A       24%         3
 Gell's Gravitas          Tloc           7%         N/A       26%         3
 Summon Guardian Golem    Hex/Summ       7%         N/A       26%         3
 Teleport Other           Tloc           7%         N/A       26%         3
 Olgreb's Toxic Radiance  Pois           7%         N/A       65%         4
 Starburst                Conj/Fire      16%        6d6       65%         6
 Plasma Beam              Fire/Air       9%         2x1d22    98%         6
 Orb of Destruction       Conj           17%        9d7       99%         7
 Summon Cactus Giant      Summ           3%         N/A       100%        6
 Spellforged Servitor     Conj/Summ      10%        N/A       100%        7
 Discord                  Hex            3%         N/A       100%        8
 Ignition                 Fire           15%        3d6       100%        8


Dungeon Overview and Level Annotations

Branches:
Dungeon (7/15)             Temple (1/1) D:5

Altars:
Ashenzari
Cheibriados
Dithmenos
Elyvilon
Fedhas
Gozag
Hepliaklqana
Kikubaaqudgha
Makhleb
Nemelex Xobeh
Okawaru
Qazlal
Ru
Sif Muna
Trog
Uskayaw
Vehumet
Wu Jian
Xom
Yredelemnul
Zin
The Shining One

Shops:
D:2 *   D:7 ?


Innate Abilities, Weirdness & Mutations

You are immune to sickness and miasma.
Your stone body is resilient. (AC +6)
You are immune to poison.
You resist negative energy. (rN+)
You are resistant to electric shocks. (rElec)
You are resistant to unholy torment.
You are immune to petrification.


Message History

Press: ? - help, Shift-Dir - straight line, f/p - manticore
Aim: a manticore (moderately wounded, 85% to hit)
The stone arrow hits the manticore!!
The manticore is severely wounded.
A bullfrog comes into view.
The manticore barely misses you. The manticore misses you.
The manticore closely misses you.
Unknown command.
Casting: Stone Arrow (safe; 1% risk of failure)
Confirm with . or Enter, or press ? or * to list all spells.
Aiming: Stone Arrow (safe; 1% risk of failure)
Press: ? - help, Shift-Dir - straight line, f - acid dragon, p - manticore
Aim: an acid dragon (76% to hit)
The stone arrow hits the manticore!
The manticore is almost dead.
The manticore barely misses you.
The manticore claws you but does no damage.
The manticore barely misses you.
Casting: Stone Arrow (safe; 1% risk of failure)
Confirm with . or Enter, or press ? or * to list all spells.
Aiming: Stone Arrow (safe; 1% risk of failure)
Press: ? - help, Shift-Dir - straight line, f/p - acid dragon
Aim: an acid dragon (76% to hit)
The stone arrow misses the acid dragon.
The manticore closely misses you. The manticore claws you.
The manticore misses you.
The acid dragon bites you but does no damage.
The acid dragon barely misses you.
Casting: Stone Arrow (safe; 1% risk of failure)
Confirm with . or Enter, or press ? or * to list all spells.
Aiming: Stone Arrow (safe; 1% risk of failure)
Press: ? - help, Shift-Dir - straight line, f/p - acid dragon
Aim: an acid dragon (76% to hit)
The stone arrow hits the acid dragon!!
The acid dragon is severely wounded.
The manticore bites you! The manticore claws you!
The manticore closely misses you. The acid dragon spits acid at you.
The splash of acid hits you!!
Ouch! That really hurt!
You die...

#.....>....##
###.#....####
##....###..#
###...###..#.#
###...###...#..#
#...###.)#...#.# #
#.##.)).#...#..#.#
####...###..#...#...#
#........###.[.#@H..#
#.####.....###..#D.F.#
#.###...###..##....
#.# ##..).#### ### #.#
#...)..# #.#
##..)##..# ..#
#...<.##.# .........##
..# ######.## .#


You could see a manticore, an acid dragon (catching breath) and a bullfrog.

Vanquished Creatures
  A deep elf pyromancer (D:7)
  A troll (D:7)
  A wraith (D:7)
  A yak (D:6)
  A vampire mosquito (D:7)
  An ice beast (D:5)
  4 black bears
  2 centaurs
  3 ogres (D:6)
  A kobold brigand (D:6)
  2 scorpions
  4 wights
  A howler monkey (D:5)
  A jelly (D:6)
  3 orc priests (D:4)
  A gnoll bouda (D:7)
  A hound (D:5)
  3 sleepcaps (D:6)
  6 iguanas
  2 orc wizards
  12 gnolls
  12 adders
  A shadow imp (D:6)
  A white imp (D:6)
  An ufetubus (D:4)
  2 worms
  2 dart slugs
  10 orcs
  4 ball pythons
  6 bats
  4 endoplasms
  5 giant cockroaches
  3 goblins
  3 hobgoblins
  6 jackals
  A frilled lizard (D:1)
  6 kobolds
  5 rats
124 creatures vanquished.

Vanquished Creatures (others)
  133 foxfires
133 creatures vanquished.

Grand Total: 257 creatures vanquished

Notes
Turn   | Place    | Note
-------+----------+-------------------------------------------
     0 | D:1      | dracfodder the Gargoyle Earth Elementalist began the quest
                  | for the Orb.
     0 | D:1      | Reached XP level 1. HP: 10/10 MP: 3/3
   304 | D:1      | Reached XP level 2. HP: 15/15 MP: 3/5
   377 | D:1      | Reached skill level 4 in Earth Magic
   576 | D:1      | Reached XP level 3. HP: 19/19 MP: 0/6
   633 | D:1      | Learned a level 1 spell: Foxfire
   637 | D:1      | Learned a level 3 spell: Stone Arrow
  1326 | D:2      | Reached XP level 4. HP: 13/24 MP: 2/8
  1499 | D:2      | Reached skill level 5 in Fire Magic
  1499 | D:2      | Reached skill level 8 in Earth Magic
  1499 | D:2      | Reached XP level 5. HP: 28/28 MP: 8/13
  1652 | D:2      | Found Jatasa's General Store.
  1710 | D:2      | Bought a scroll of identify for 24 gold pieces
  2925 | D:4      | Reached XP level 6. HP: 32/32 MP: 11/15
  2964 | D:4      | Learned a level 2 spell: Scorch
  2969 | D:4      | Learned a level 4 spell: Flame Wave
  2975 | D:4      | Learned a level 5 spell: Fireball
  3214 | D:4      | Found a blossoming altar of Fedhas.
  3993 | D:5      | Entered Level 5 of the Dungeon
  4094 | D:5      | Noticed an ice beast
  4101 | D:5      | Killed an ice beast
  4102 | D:5      | Reached XP level 7. HP: 36/36 MP: 3/16
  4674 | D:5      | Found a staircase to the Ecumenical Temple.
  4688 | Temple   | Entered the Ecumenical Temple
  4769 | Temple   | Became a worshipper of Sif Muna the Loreminder
  4847 | D:5      | Reached skill level 1 in Axes
  4947 | D:5      | Reached XP level 8. HP: 40/42 MP: 5/18
  5202 | D:6      | Reached skill level 1 in Fighting
  5472 | D:6      | Reached skill level 9 in Earth Magic
  6211 | D:6      | Noticed a yak
  6217 | D:6      | Reached * piety under Sif Muna
  6228 | D:6      | Killed a yak
  6229 | D:6      | Reached XP level 9. HP: 46/47 MP: 5/19
  6231 | D:6      | Reached skill level 10 in Earth Magic
  6847 | D:7      | Found Tearusut's Magic Scroll Emporium.
  6853 | D:7      | Bought a scroll of enchant armour for 112 gold pieces
  6853 | D:7      | Bought a scroll of magic mapping for 112 gold pieces
  6853 | D:7      | Bought a scroll of fear for 60 gold pieces
  6957 | D:7      | Noticed a troll
  6957 | D:7      | Noticed a deep elf pyromancer
  6958 | D:7      | Noticed a manticore
  6968 | D:7      | Killed a troll
  6975 | D:7      | Killed a deep elf pyromancer
  7079 | D:7      | Killed from afar by an acid dragon

Illustrated notes

Levels and vault maps discovered:
D:1:      minmay_arrival_loop, layout_loops_corners
D:2:      layout_rooms, serial_shops, nicolae_shop_stone, grunt_ministairs_9
D:3:      layout_loops_cross
D:4:      layout_gridville, mainiacjoe_overflow_24_doors
D:5:      layout_rooms, minmay_temple_entry_antechambers,
          kennysheep_cross_bottleneck
D:6:      cheibrodos_barr_body, layout_gridville, chequers_arboretum
D:7:      minmay_the_grid_four_pointed_star
          [minmay_the_grid_triangle_9x9_flanged_cone,
          minmay_the_grid_triangle_9x9_impossible_snake,
          minmay_the_grid_triangle_9x9_corrupted_corridor,
          minmay_the_grid_triangle_9x9_zippers_horizontal,
          minmay_the_grid_prize_inner_circle], layout_loops_corners,
          serial_shops, nicolae_shop_tiny_statue_garden,
          kennysheep_generic_room_6
Temple:   grunt_wide_crystal_templ

Skill      XL: |  1  2  3  4  5  6  7  8  9 |
---------------+----------------------------+-----
Earth Magic    | 4 8 9 10 | 10.6
Spellcasting   | 3 6 7 8 |  8.1
Conjurations   | 6 |  6.9
Fire Magic     | 5 6 |  6.3
Axes           | 1 |  1.2
Fighting       | 1 |  1.2
Stealth        | 3 |  3.2
Dodging        | 2 |  2.2
Transmutations | |  0.7

Action                     |  1- 3 |  4- 6 |  7- 9 || total
---------------------------+-------+-------+-------++-------
  Melee: Hand axe          |       |     6 |    17 ||    23
   Cast: Sandblast         |    36 |    10 |    66 ||   112
         Foxfire           |    11 |    34 |    35 ||    80
         Stone Arrow       |       |    17 |    33 ||    50
         Scorch            |       |     1 |    12 ||    13
         Flame Wave        |       |     1 |       ||     1
         Fireball          |       |       |     3 ||     3
    Use: Scroll            |     2 |     8 |    11 ||    21
         Potion            |       |     1 |     2 ||     3
   Stab: Sleeping          |       |     1 |       ||     1
 Armour: Robe              |     2 |     7 |    40 ||    49
  Dodge: Dodged            |     4 |     9 |    72 ||    85

Table legend: (Time is in decaauts)
 A = Elapsed time spent in this place.
 B = Non-inter-level travel time spent in this place.
 C = Inter-level travel time spent in this place.
 D = Time resting spent in this place.
 E = Time spent auto-exploring this place.
 F = Levels seen in this place.
 G = Mean time per level.
                   A        B        C        D        E       F      G
               +--------+--------+--------+--------+--------+-----+--------+
         Total |   7155 |   6948 |    207 |   1699 |   4281 |   8 |  894.4 |
       Dungeon |   7060 |   6865 |    195 |   1699 |   4223 |   7 | 1008.6 |
        Temple |     94 |     82 |     12 |      0 |     58 |   1 |   94.0 |
               +--------+--------+--------+--------+--------+-----+--------+

Top non-repeatable levels by time:
     D:6: 1579 daAuts
     D:4: 1100 daAuts
     D:1: 1099 daAuts
     D:5: 1064 daAuts
     D:2: 1042 daAuts
     D:3: 779 daAuts
     D:7: 396 daAuts
  Temple: 94 daAuts
